 Dungeon Crawl Stone Soup version 0.31-a0-521-gc7390f8997 (webtiles) character file.

Game seed: 476594470097835730

16 Iich the Trooper (level 2, 27/27 HPs)
             Began as a Hill Orc Fighter on July 19, 2023.
             Got out of the dungeon alive.
             The game lasted 00:01:05 (900 turns).

Iich the Trooper (Hill Orc Fighter)                  Turns: 900, Time: 00:01:05

Health: 27/27      AC:  8    Str: 18    XL:     2   Next: 58%
Magic:  2/2        EV:  9    Int:  8    God:
Gold:   27         SH:  4    Dex: 10    Spells: 1/1 levels left

rFire   . . .        a - +0 war axe
rCold   . . .        c - +0 buckler
rNeg    . . .        b - +0 scale mail
rPois   .            o - +0 helmet
rElec   .            (no cloak)
rCorr   .            (no gloves)
SInv    .            (no boots)
Will    .....        (no amulet) Stlth
                     (no ring)
HPRegen 0.24/turn    (no ring)
MPRegen 0.08/turn

%: no passive effects
@: no status effects
A: no striking features
a: no special abilities


You escaped.
You visited 1 branch of the dungeon, and saw 1 of its levels.

You collected 27 gold pieces.

Inventory:

Hand Weapons
 a - a +0 war axe (weapon)
Missiles
 k - 2 throwing nets
Armour
 b - a +0 scale mail (worn)
 c - a +0 buckler (worn)
 o - a +0 helmet (worn)
Scrolls
 e - a scroll of identify {unknown}
 g - a scroll of revelation {unknown}
 h - a scroll of teleportation {unknown}
 i - a scroll of fog
 j - a scroll of amnesia {unknown}
 l - a scroll of enchant weapon {unknown}
 m - a scroll of noise
Potions
 d - a potion of might
 f - a potion of brilliance {unknown}
 n - a potion of heal wounds {unknown}


   Skills:
 + Level 4.0 Fighting
 + Level 3.2 Axes
 - Level 3.2 Armour
 + Level 0.8 Dodging
 - Level 3.2 Shields


You had one spell level left.
You didn't know any spells.
Your spell library was empty.

Dungeon Overview and Level Annotations

Branches:
Dungeon (1/15)

Altars:


Message History

You kill the ball python!
You barely miss the rat.
The rat bites you but does no damage. x2
You slash the rat!
You kill the rat!
No target in view!
No target in view!
You see here a rat corpse.
You now have 27 gold pieces (gained 4).
o - a +0 helmet You start putting on your armour.
You continue putting on your +0 helmet. x4
You finish putting on your +0 helmet.
There is a stone staircase leading down here.
There is an open door here.
You enter the shallow water.
Moving in this stuff is going to be slow.
You enter the shallow water.
Moving in this stuff is going to be slow.
You enter the shallow water.
Moving in this stuff is going to be slow.
You enter the shallow water.
Moving in this stuff is going to be slow.
You enter the shallow water.
Moving in this stuff is going to be slow.
There is an open door here.
There is an open door here.
Done exploring.
Done exploring.
(D) Dungeon
Where to? (? - help)
Okay, then.
Save game and exit?
Welcome back, Iich the Hill Orc Fighter.
Press ? for a list of commands and other information.
What level of the Dungeon? (default 1, ? - help)
There is an open door here.
There is an open door here.
There is an open door here.
There is a staircase leading out of the dungeon here.
There are no items here.
You have escaped!

#.####.###########.#########.###
##......................>........
#..##.##..#########.###..####.##.
#.#.###.#.# #.# #..# #.##.
#.##.(.##.## #.###..####)#..
#..#...#...### #..............
#.##...##....# #...........##.
..#.###.#....#######.....########
...##.##.....#..@..#.#.###
##.......##..#.....####.#
####.#####.##.....# #.##
############'############
#~~~~~~~~~~~.~~~~~~~~~~~#
#~♣.♣♣.^♣PP~.~PPPPP♣..♣~#
#~P.♣♣.♣..♣~.~♣♣♣P.P♣.♣~#
#~~~~~~~~~~~.~~~~~~~~~~~#
#~~~~~~~~~.....~~~~~~~~~#


There were no monsters in sight!

Vanquished Creatures
  2 endoplasms (D:1)
  2 giant cockroaches (D:1)
  A goblin (D:1)
  3 hobgoblins (D:1)
  3 ball pythons (D:1)
  A bat (D:1)
  2 kobolds (D:1)
  A rat (D:1)
15 creatures vanquished.

Notes
Turn   | Place    | Note
-------+----------+-------------------------------------------
     0 | D:1      | Iich the Hill Orc Fighter began the quest for the Orb.
     0 | D:1      | Reached XP level 1. HP: 19/19 MP: 1/1
   326 | D:1      | Reached XP level 2. HP: 27/27 MP: 2/2
   540 | D:1      | Reached skill level 4 in Fighting
   585 | D:1      | Found a faded altar of an unknown god.
   819 | D:1      | Upgraded the game from 0.31-a0-331-geda263fcf1 to
                  | 0.31-a0-521-gc7390f8997
   900 | D:$      | Got out of the dungeon alive.

Illustrated notes

Levels and vault maps discovered:
D:1:      lightli_arrival_farm, layout_loops_ring,
          hellmonk_ecumenical_altar_blasted, kennysheep_minor_cross,
          minmay_heptomino_d4

Skill      XL: |  1  2 |
---------------+-------+-----
Axes           | 3 |  3.2
Fighting       | 4 |  4.0
Armour         | |  3.2
Dodging        | |  0.8
Shields        | |  3.2

Action                     || total
---------------------------++-------
  Melee: War axe           ||    42
    Use: Scroll            ||     2
 Armour: Scale mail        ||    16
  Dodge: Dodged            ||    21
  Block: Buckler           ||    10

Table legend: (Time is in decaauts)
 A = Elapsed time spent in this place.
 B = Non-inter-level travel time spent in this place.
 C = Inter-level travel time spent in this place.
 D = Time resting spent in this place.
 E = Time spent auto-exploring this place.
 F = Levels seen in this place.
 G = Mean time per level.
                   A        B        C        D        E       F      G
               +--------+--------+--------+--------+--------+-----+--------+
         Total |    933 |    853 |     80 |      0 |    741 |   1 |  933.0 |
       Dungeon |    933 |    853 |     80 |      0 |    741 |   1 |  933.0 |
               +--------+--------+--------+--------+--------+-----+--------+

Top non-repeatable levels by time:
     D:1: 933 daAuts
